 Dungeon Crawl Stone Soup version 0.31-a0-233-g139696dc86 (webtiles) character file.

Game seed: 14158836307281391476

34 Ekaitz the Magician (level 3, 0/19 HPs)
             Began as a Deep Elf Hedge Wizard on July 8, 2023.
             Slain by a goblin
             ... wielding a +0 club
             ... led by Robin
              (6 damage)
             ... on level 2 of the Dungeon.
             The game lasted 00:04:09 (1462 turns).

Ekaitz the Magician (Deep Elf Hedge Wizard)         Turns: 1462, Time: 00:04:10

Health: 0/19       AC:  2    Str:  7    XL:     3   Next: 14%
Magic:  5/11       EV: 13    Int: 18    God:
Gold:   60         SH:  5    Dex: 16    Spells: 3/12 levels left

rFire   . . .        a - +0 dagger
rCold   . . .        (no shield)
rNeg    . . .        b - +0 robe
rPois   .            c - +0 hat
rElec   .            (no cloak)
rCorr   .            (no gloves)
SInv    .            (no boots)
Will    .....        h - amulet of reflection
Stlth   ++           (no ring)
HPRegen 0.23/turn    (no ring)
MPRegen 0.12/turn

%: reflection
@: no status effects
A: no striking features
a: no special abilities


You were on level 2 of the Dungeon.
You visited 1 branch of the dungeon, and saw 2 of its levels.

You collected 60 gold pieces.

Inventory:

Hand Weapons
 a - a +0 dagger (weapon)
Missiles
 k - 2 poisoned darts
Armour
 b - a +0 robe (worn)
 c - a +0 hat (worn)
 f - a +0 leather armour of cold resistance
Magical Staves
 i - a staff of death
Jewellery
 h - an amulet of reflection (around neck)
 p - a ring of fire
Scrolls
 l - 2 scrolls of teleportation {unknown}
 m - a scroll of fear {unknown}
 q - a scroll of identify {unknown}
Potions
 d - a potion of magic
 e - a potion of curing {unknown}
 g - a potion of might {unknown}
 j - a potion of berserk rage {unknown}
 n - a potion of haste {unknown}
 o - a potion of cancellation {unknown}


   Skills:
 * Level 1.2 Short Blades
 * Level 2.7 Dodging
 + Level 2.4 Stealth
 + Level 5.2 Spellcasting
 * Level 1.5 Conjurations
 * Level 0.2 Hexes
 + Level 1.2 Summonings
 + Level 1.1 Translocations


You had 3 spell levels left.
You knew the following spells:

 Your Spells              Type           Power      Damage    Failure   Level
a - Magic Dart            Conj           40%        1d5       7%          1
b - Call Imp              Summ           18%        N/A       12%         2
c - Cigotuvi's Dreadful   Necr/Pois/Air  8%         N/A       21%         2
e - Ensorcelled Hibernat  Hex/Ice        10%        N/A       19%         2
k - Blink                 Tloc           16%        N/A       13%         2

Your spell library contained the following spells:

 Spells                   Type           Power      Damage    Failure   Level
 Slow                     Hex            20%        N/A       12%         1
 Mephitic Cloud           Conj/Pois/Air  6%         N/A       32%         3
 Spider Form              Tmut/Pois      4%         N/A       36%         3
 Anguish                  Hex/Necr       2%         N/A       77%         4


Dungeon Overview and Level Annotations

Branches:
Dungeon (2/15)

Altars:

Shops:
D:1 [

Annotations:
D:2 Natasha, Robin


Message History

The adder completely misses your cerulean imp.
The goblin hits you with a +0 club. You block the goblin's attack.
Unknown command.
Casting: Magic Dart (safe; 7% risk of failure)
Confirm with . or Enter, or press ? or * to list all spells.
Aiming: Magic Dart (safe; 7% risk of failure)
Press: ? - help, Shift-Dir - straight line, f - goblin
Aim: a goblin, wielding a +0 dagger (severely wounded, 100% to hit)
You miscast Magic Dart.
You are very lightly contaminated with residual magic.
Nothing appears to happen.
The adder closely misses your cerulean imp.
Your cerulean imp hits the adder with a -4 spear.
The goblin misses you. The goblin closely misses you.
The adder bites your cerulean imp.
Casting: Magic Dart (safe; 7% risk of failure)
Confirm with . or Enter, or press ? or * to list all spells.
Aiming: Magic Dart (safe; 7% risk of failure)
Press: ? - help, Shift-Dir - straight line, f/p - goblin
Aim: a goblin, wielding a +0 dagger (severely wounded, 100% to hit)
The magic dart hits the goblin.
You kill the goblin!
Your cerulean imp hits the adder with a -4 spear.
The goblin closely misses you.
The adder bites your cerulean imp but does no damage.
Robin roars a battlecry!
The goblins go into a battle-frenzy!
Unknown command.
Your cerulean imp disappears in a puff of smoke!
Items here: ))) ††.
The hobgoblin no longer looks unusually strong. x2
Robin roars a battlecry!
The hobgoblins go into a battle-frenzy!
The goblin no longer looks unusually strong.
Robin roars a battlecry!
The goblin goes into a battle-frenzy!
The goblin attacks as you move away! The goblin hits you with a +0 club.
Your magical contamination has completely faded away.
The goblin attacks as you move away! The goblin hits you with a +0 club.
You die...

######### ####.......#
###......[...##
#............'.
##########............##
#.....................##
#.#########.............
#.# #.g[#....##.......
#.# #@#.#...###.......
#.# #.#S#...###.....##
#.# #.#)#>............
#.# #.#g#...###.......
#.#####.#g###...........
#.......#.# ...........
#########g# ..........


g.g .....##... ..gl. ..... #... You could see a goblin (strong).

Vanquished Creatures
  2 dart slugs
  3 bats (D:1)
  2 endoplasms
  2 giant cockroaches
  3 hobgoblins (D:1)
  3 kobolds
  4 ball pythons
  2 frilled lizards (D:1)
  6 goblins
27 creatures vanquished.

Vanquished Creatures (collateral kills)
  A goblin (D:2)
1 creature vanquished.

Grand Total: 28 creatures vanquished

Notes
Turn   | Place    | Note
-------+----------+-------------------------------------------
     0 | D:1      | Ekaitz the Deep Elf Hedge Wizard began the quest for the
                  | Orb.
     0 | D:1      | Reached XP level 1. HP: 10/10 MP: 7/7
   204 | D:1      | Reached XP level 2. HP: 15/15 MP: 5/9
   207 | D:1      | Learned a level 2 spell: Call Imp
   210 | D:1      | Learned a level 2 spell: Blink
   213 | D:1      | Learned a level 2 spell: Cigotuvi's Dreadful Rot
   390 | D:1      | Reached skill level 5 in Spellcasting
   712 | D:1      | Found a faded altar of an unknown god.
   850 | D:1      | Found Alarch's Armour Boutique.
   984 | D:2      | Reached skill level 1 in Short Blades
  1260 | D:2      | Learned a level 2 spell: Ensorcelled Hibernation
  1267 | D:2      | Noticed Natasha
  1440 | D:2      | Noticed Robin
  1444 | D:2      | Reached XP level 3. HP: 13/19 MP: 7/11
  1462 | D:2      | Slain by a goblin

Illustrated notes

Levels and vault maps discovered:
D:1:      dpeg_arrival_round_b, layout_basic,
          hellmonk_ecumenical_altar_lost_god, serial_shops,
          nicolae_shop_back_alley_shop
D:2:      layout_basic, uniq_robin, uniq_natasha

Skill      XL: |  1  2 |
---------------+-------+-----
Spellcasting   | 5 |  5.2
Short Blades   | 1 |  1.2
Dodging        | |  2.7
Stealth        | |  2.4
Conjurations   | |  1.5
Hexes          | |  0.2
Summonings     | |  1.2
Translocations | |  1.1

Action                     || total
---------------------------++-------
  Melee: Dagger            ||    23
   Cast: Magic Dart        ||    47
         Call Imp          ||     3
   Stab: Sleeping          ||     1
 Armour: Robe              ||     4
  Dodge: Dodged            ||    23
  Block: Other             ||    10

Table legend: (Time is in decaauts)
 A = Elapsed time spent in this place.
 B = Non-inter-level travel time spent in this place.
 C = Inter-level travel time spent in this place.
 D = Time resting spent in this place.
 E = Time spent auto-exploring this place.
 F = Levels seen in this place.
 G = Mean time per level.
                   A        B        C        D        E       F      G
               +--------+--------+--------+--------+--------+-----+--------+
         Total |   1460 |   1433 |     27 |      4 |   1068 |   2 |  730.0 |
       Dungeon |   1460 |   1433 |     27 |      4 |   1068 |   2 |  730.0 |
               +--------+--------+--------+--------+--------+-----+--------+

Top non-repeatable levels by time:
     D:1: 974 daAuts
     D:2: 486 daAuts
